 Dungeon Crawl Stone Soup version 0.29-a0-119-g4040846114 (webtiles) character file.

Game seed: 1447534601958067761

577610 drugrobin the Imperceptible (level 24, -7/228 HPs)
             Began as a Demigod Warper on Feb 19, 2022.
             Mangled by a death cob (14 damage)
             ... on level 5 of the Realm of Zot on Feb 20, 2022.
             The game lasted 09:42:34 (114589 turns).

drugrobin the Imperceptible (Demigod Warper)      Turns: 114589, Time: 09:42:35

Health: -7/228     AC: 15    Str: 14      XL:     24   Next: 60%
Magic:  16/47      EV: 32    Int: 23      God:
Gold:   2691       SH: 11    Dex: 32 (33) Spells: 4/51 levels left

rFire   + + +      SeeInvis +   a - +8 quick blade of Sorr {vamp, rC+ rCorr Dex-2}
rCold   + . .      Faith    .   o - +0 buckler
rNeg    . . .      Spirit   .   c - +3 leather armour {rF+}
rPois   .          Reflect  +   t - +1 helmet {SInv}
rElec   +          Harm     .   A - +0 cloak {rF+}
rCorr   +          Rampage  .   p - +3 pair of gauntlets of War {Slay+5}
Will    ++...                   l - +0 pair of boots "Fitomaoca" {rElec Str+2}
Stlth   +++++++++.              Y - amulet of reflection
HPRegen 0.48/turn               R - ring of protection from fire
MPRegen 0.30/turn               j - +4 ring of slaying

@: mighty, slowed, studying Staves, very slow
A: high MP 1, forlorn, divine attributes, clumsy 1, deterioration 1, no potion
heal 1, subdued magic 2, devolution 1
}: 3/15 runes: serpentine, barnacled, silver
a: no special abilities


You were on level 5 of the Realm of Zot.
You visited 11 branches of the dungeon, and saw 54 of its levels.
You also visited: Volcano and Wizlab.

You collected 6522 gold pieces.
You spent 3831 gold pieces at shops.

Inventory:

Hand Weapons
 a - the +8 quick blade of Sorr (weapon) {vamp, rC+ rCorr Dex-2}
   (You acquired it on level 5 of the Lair of Beasts)

   It occasionally heals its wielder for a portion of the damage dealt when it
   wounds a living foe.
   Dex:       It affects your dexterity (-2).
   rC:        It protects you from cold.
   rCorr:     It protects you from acid and corrosion.
 b - the +8 hand crossbow of the Incandescent {elec, Will+}
   (You bought it in a shop on level 2 of the Orcish Mines)

   Any ammunition fired from it occasionally discharges a powerful burst of
   electricity upon striking a foe.
   Will:      It increases your willpower.
 e - the +11 long sword "Ocius" {vorpal, rC++}
   (You found it on level 1 of the Lair of Beasts)

   It inflicts extra damage upon your enemies.
   rC:        It greatly protects you from cold.
 f - the +8 rapier of the Elven Halls {antimagic, rElec rF- Dex+4 Stlth+}
   (You bought it in a shop on level 2 of the Snake Pit)

   It reduces the magical energy of the wielder, and disrupts the spells and
   magical abilities of those it strikes.
   Natural abilities and divine invocations are not affected.
   Dex:       It affects your dexterity (+4).
   rF:        It makes you vulnerable to fire.
   rElec:     It insulates you from electricity.
   Stlth:     It makes you more stealthy.
 H - the +2 rapier of Qaluhaett {freeze, *Rage rPois Str+6 Stlth+}
   (You bought it in a shop on level 3 of the Snake Pit)

   It freezes those it strikes, dealing additional cold damage.
   It can also slow down cold-blooded creatures.
   Str:       It affects your strength (+6).
   rPois:     It protects you from poison.
   *Rage:     It berserks you when you make melee attacks (+20% chance).
   Stlth:     It makes you more stealthy.
Missiles
 m - 3 throwing nets
 w - 1432 bolts
 z - 14 boomerangs (quivered)
 E - 22 curare-tipped darts
Armour
 c - a +3 leather armour of fire resistance (worn)
 l - the +0 pair of boots "Fitomaoca" (worn) {rElec Str+2}
   (You found it on level 3 of the Realm of Zot)

   Str:       It affects your strength (+2).
   rElec:     It insulates you from electricity.
 o - a +0 buckler (worn)
 p - the +3 pair of gauntlets of War (worn) {Slay+5}
   (You found it on level 3 of the Snake Pit)

   Slay:      It affects your accuracy & damage with ranged weapons and melee
   (+5).
 t - a +1 helmet of see invisible (worn)
 A - a +0 cloak of fire resistance (worn)
 F - the +2 robe of Hedge Wizardry {Will+ Regen+ Slay+3}
   (You found it on level 1 of the Depths)

   Slay:      It affects your accuracy & damage with ranged weapons and melee
   (+3).
   Regen:     It increases your rate of health regeneration.
   Will:      It increases your willpower.
Jewellery
 j - a +4 ring of slaying (right hand)
 n - the ring of Oqayn {Wiz rCorr Dex+3}
   (You took it off a deep elf sorcerer on level 3 of the Elven Halls)

   [ring of wizardry]

   It improves your spell success rate.
   Dex:       It affects your dexterity (+3).
   rCorr:     It protects you from acid and corrosion.
 J - the ring of the Tempest {rC+ Will++ MP+9 Dex+2}
   (You found it on level 3 of the Depths)

   [ring of magical power]

   Dex:       It affects your dexterity (+2).
   rC:        It protects you from cold.
   MP:        It affects your magic capacity (+9).
   Will:      It greatly increases your willpower.
 N - an amulet of regeneration
 R - a ring of protection from fire (left hand)
 Y - an amulet of reflection (around neck)
Wands
 r - a wand of acid (5)
 S - a wand of iceblast (30)
 Z - a wand of digging (18)
Scrolls
 h - 4 scrolls of fog
 i - 3 scrolls of blinking
 v - 5 scrolls of fear
 y - 16 scrolls of teleportation
 D - 2 scrolls of amnesia
 L - 2 scrolls of silence
 M - 5 scrolls of magic mapping
 P - 2 scrolls of summoning
 T - 4 scrolls of holy word
 U - a scroll of enchant weapon
Potions
 d - 6 potions of berserk rage
 q - 31 potions of curing
 x - 3 potions of cancellation
 C - 5 potions of might
 G - 8 potions of haste
 O - 5 potions of lignification
 Q - 2 potions of ambrosia
 W - 2 potions of resistance
 X - 4 potions of invisibility
Miscellaneous
 g - a condenser vane
 k - a tin of tremorstones (2/2)
 s - a phial of floods
 I - a phantom mirror (inert)
 K - a box of beasts
 V - a lightning rod (4/4)


   Skills:
 + Level 21.1 Fighting
 - Level 16.0 Short Blades
 - Level 12.1 Crossbows
 - Level 0.8 Throwing
 - Level 4.4 Armour
 - Level 17.6 Dodging
 - Level 24.0 Stealth
 - Level 14.0 Spellcasting
 - Level 4.1 Conjurations
 - Level 2.0 Summonings
 - Level 10.1 Translocations
 + Level 7.4 Transmutations
 + Level 3.8 Earth Magic
 - Level 7.4 Evocations


You had 4 spell levels left.
You knew the following spells:

 Your Spells              Type           Power      Damage    Failure   Level
a - Blink                 Tloc           78%        N/A       1%          2
b - Teleport Other        Tloc           39%        N/A       1%          3
c - Iskenderun's Mystic   Conj/Tloc      30%        2d8       1%          4
d - Passage of Golubria   Tloc           39%        N/A       1%          4
e - Lesser Beckoning      Tloc           39%        N/A       1%          3
f - Gell's Gravitas       Tloc           39%        N/A       1%          3
g - Summon Forest         Summ/Tloc      13%        N/A       10%         5
h - Mephitic Cloud        Conj/Pois/Air  14%        N/A       7%          3
i - Dispersal             Tloc           19%        N/A       11%         6
j - Ignite Poison         Fire/Tmut/Pois 17%        N/A       4%          3
k - Statue Form           Tmut/Erth      17%        N/A       58%         6
q - Manifold Assault      Tloc           39%        N/A       1%          5

Your spell library contained the following spells:

 Spells                   Type           Power      Damage    Failure   Level
 Beastly Appendage        Tmut           62%        N/A       1%          1
 Foxfire                  Conj/Fire      64%        2x1d7     1%          1
 Magic Dart               Conj           84%        1d7       1%          1
 Sting                    Tmut/Pois      80%        1d7       1%          1
 Wereblood                Tmut           31%        N/A       1%          2
 Call Imp                 Summ           15%        N/A       2%          2
 Spider Form              Tmut/Pois      20%        N/A       2%          3
 Animate Skeleton         Necr           20%        N/A       3%          1
 Freeze                   Ice            40%        1d6       3%          1
 Pain                     Necr           40%        1d6       3%          1
 Petrify                  Tmut/Erth      26%        N/A       3%          4
 Conjure Flame            Conj/Fire      16%        6-21      5%          3
 Dazzling Flash           Conj/Hex       32%        N/A       5%          3
 Corpse Rot               Necr/Air       20%        N/A       6%          2
 Poisonous Vapours        Pois/Air       20%        N/A       6%          2
 Summon Guardian Golem    Hex/Summ       12%        N/A       8%          3
 Frozen Ramparts          Ice            20%        1d4       13%         3
 Inner Flame              Hex/Fire       10%        N/A       13%         3
 Vampiric Draining        Necr           10%        2d6       13%         3
 Animate Armour           Summ/Erth      36%        N/A       13%         4
 Flame Wave               Conj/Fire      16%        2d6       19%         4
 Hailstorm                Conj/Ice       16%        3d6       19%         4
 Summon Lightning Spire   Summ/Air       12%        N/A       30%         4
 Dispel Undead            Necr           10%        3d9       43%         4
 Olgreb's Toxic Radiance  Pois           10%        N/A       43%         4
 Blade Hands              Tmut           15%        N/A       5%          5
 Irradiate                Conj/Tmut      13%        3d18      11%         5
 Iskenderun's Battlesphe  Conj           21%        2d7       24%         5
 Fireball                 Conj/Fire      8%         3d6       50%         5
 Freezing Cloud           Conj/Ice/Air   7%         6-21      61%         5
 Summon Mana Viper        Hex/Summ       12%        N/A       67%         5
 Agony                    Necr           10%        N/A       80%         5
 Metabolic Englaciation   Hex/Ice        5%         N/A       80%         5
 Silence                  Hex/Air        5%         N/A       80%         5
 Iron Shot                Conj/Erth      10%        9d3       83%         6
 Eringya's Noxious Bog    Tmut/Pois      10%        N/A       86%         6
 Dragon Form              Tmut           15%        N/A       90%         7
 Conjure Ball Lightning   Conj/Air       8%         3x3d6     98%         6
 Starburst                Conj/Fire      8%         6d4       98%         6
 Summon Cactus Giant      Summ           7%         N/A       98%         6
 Death Channel            Necr           5%         N/A       100%        6
 Simulacrum               Ice/Necr       5%         N/A       100%        6
 Orb of Destruction       Conj           10%        9d6       100%        7
 Ozocubu's Refrigeration  Ice            5%         4d6       100%        7
 Spellforged Servitor     Conj/Summ      9%         N/A       100%        7
 Storm Form               Tmut/Air       10%        N/A       100%        7
 Summon Hydra             Summ           7%         N/A       100%        7
 Borgnjor's Revivificati  Necr           5%         N/A       100%        8
 Ignition                 Fire           5%         3d4       100%        8
 Maxwell's Capacitive Co  Air            5%         ∞         100%        8
 Necromutation            Tmut/Necr      10%        N/A       100%        8
 Death's Door             Necr           5%         N/A       100%        9
 Polar Vortex             Ice            5%         N/A       100%        9


Dungeon Overview and Level Annotations

Branches:
Dungeon (15/15)            Temple (0/1) D:5            Lair (6/6) D:11
 Shoals (4/4) Lair:2        Snake (4/4) Lair:2        Slime (5/5) Lair:5
    Orc (2/2) D:10            Elf (3/3) Orc:2        Vaults (5/5) D:14
  Crypt (1/3) Vaults:3     Depths (4/4) D:15            Zot (5/5) Depths:4
Volcano (visited)          WizLab (visited)

Shops:
D:2 :   D:3 (   Orc:2 ?(=*   Elf:1 (   Shoals:1 *   Shoals:2 (   Shoals:4 =
Snake:2 !:((   Snake:3 !?(   Depths:1 *   Depths:2 *

Portals:
Hell: Lair:6 Depths:1 Depths:2 Depths:3 Depths:4
Abyss: Depths:3 Depths:4
Pandemonium: Depths:2 Depths:4
Ziggurat: Depths:2
Trove: Vaults:1 (show slimy rune of Zot)

Annotations:
D:3 3 runed translucent doors, Ijyb; siradein's ghost, amateur MiFi
D:4 3 runed translucent doors, Cecur's ghost, amateur SpWn
D:5 SirDiesAlot's ghost, amateur DEEE
D:12 1 runed translucent door, frimble's ghost, journeyman GnIE
D:14 Roxanne
D:15 Rupert
Lair:1 Jethan's ghost, journeyman DjWz
Lair:4 2 transporters
Shoals:3 Mlioglotl
Slime:5 Royal Jelly
Depths:2 2 transporters
Zot:4 2 transporters, lunkers's ghost, veteran MfGl


Innate Abilities, Weirdness & Mutations

You have an increased reservoir of magic. (+10% MP)
You shall have no god before yourself.
Your divine heritage dramatically boosts your attributes as you level up.
You are clumsy. (Dex -2)
Your body sometimes deteriorates upon taking damage.
Potions are less effective at restoring your health.
Your spells are easier to cast, but less powerful.
You have hidden genetic defects.


Message History

Okay, then.
Unknown command.
Casting: Blink (safe; 1% risk of failure)
Confirm with . or Enter, or press ? or * to list all spells.
Okay, then.
Unknown command.
Okay, then.
Unknown command.
Casting: Blink (safe; 1% risk of failure)
Confirm with . or Enter, or press ? or * to list all spells.
You blink.
You block the death cob's attack.
Unknown command.
Your system partially rejects the healing.
You feel much better.
You feel stable enough to blink again. The death cob hits you!!
* * * LOW HITPOINT WARNING * * *
The death cob drains your vigour!
You feel as though you will be slow longer.
The death cob completely misses you. The death cob closely misses you.
You block the death cob's attack.
Unknown command.
Unknown command.
Unknown command.
Blink to where?
Press: ? - help, Dir - move target
As you read the scroll of blinking, it crumbles to dust.
Unknown command.
Unknown command.
That's the wrong kind of item! (Use * to select it.) Evoke which item? (* to show all) (? for menu, Esc to quit)
Okay, then.
Aiming: Phantom Mirror
Press: ? - help, Dir - move target, f - death cob
Aim: a death cob (heavily damaged)
You reflect the death cob with the mirror!
The mirror clouds!
Your death cob barely misses the death cob.
The death cob hits you!
You die...

.# #.# #..# #.### #......#
.#########+###..# #...####......#
.#..........##..###.#....'.......
.+..........+.........####.......
##..........###'###.### #.......
##...........:....#.######.......
.'..............z.'....[##.......
##..............z.#.###.##.......
###########....@.#.# #.##......#
#......#.###..'......#
#......#.....##......#
#......########......# #......#
#......' #......# #......#
######## ########


You could see a death cob (ally target) and a friendly death cob (summoned,
drained).

Vanquished Creatures
  3 dread liches
  An ancient lich (WizLab)
  2 orbs of fire
  Vashnia (Snake:2)
  Saint Roka (Vaults:2)
  A caustic shrike (Depths:3)
  Margery (Vaults:4)
  2 curse toes
  7 golden dragons
  A bone dragon (Vaults:3)
  3 electric golems
  A walking crystal tome (Depths:3)
  17 tentacled monstrosities
  2 liches
  9 Orb Guardians (Zot:5)
  3 deep elf blademasters
  5 titans
  13 acid blobs
  3 sphinxes
  2 deep elf master archers (Elf:3)
  7 quicksilver dragons
  2 krakens
  8 tengu reavers
  8 death cobs
  Kirke (Shoals:2)
  Agnes (Snake:3)
  13 storm dragons
  4 azure jellies
  8 rockslimes
  7 nagarajas
  9 shadow dragons
  6 draconian monks
  7 draconian knights
  6 deep elf sorcerers
  An iron dragon (Depths:3)
  10 fire giants
  6 frost giants
  Aizul (Snake:2)
  4 spectral caustic shrikes (Depths:4)
  3 deep elf elementalists (Elf:3)
  15 vault wardens
  7 draconian stormcallers
  Louise (Snake:1)
  7 draconian shifters
  8 draconian scorchers
  3 orc warlords
  11 draconian annihilators
  The ghost of drugrobin the Impaler, a journeyman DgWr (Shoals:1)
  2 ghost moths (Zot:1)
  A reaper (Depths:4)
  23 ironbound preservers
  7 quicksilver oozes
  17 stone giants
  5 war gargoyles
  4 vampire knights
  19 very ugly things
  9 green draconians
  8 ironbound thunderhulks
  12 black draconians
  3 spriggan defenders
  7 deep elf demonologists (Elf:3)
  A wendigo (Depths:1)
  5 deep elf annihilators (Elf:3)
  8 purple draconians
  6 dire elephants
  11 spark wasps
  4 white draconians
  15 yellow draconians
  11 red draconians
  11 deep elf death magi
  3 mummy priests (WizLab)
  7 fire dragons
  Josephine (D:15)
  3 jiangshi (Depths:3)
  17 yaktaur captains
  A green death (Depths:4)
  4 merfolk impalers
  5 merfolk javelineers
  9 deep elf high priests
  9 great orbs of eyes
  6 ettins
  3 peacekeepers
  4 salamander tyrants (Snake:4)
  15 naga warriors
  5 boulder beetles
  33 vault guards
  5 ice dragons
  8 ironbound frosthearts
  A rakshasa (Depths:3)
  7 hydras
  7 anacondas
  A spriggan air mage (Depths:2)
  15 two-headed ogres
  3 merfolk avatars
  4 ogre magi
  2 merfolk aquamancers (Shoals:4)
  An anaconda (shapeshifter) (Vaults:5)
  3 centaur warriors
  2 catoblepae
  A hell beast (Depths:4)
  33 dancing weapons
  4 death yaks
  9 deep troll shamans
  6 satyrs (Shoals:4)
  3 tengu warriors
  5 spriggan berserkers
  14 naga sharpshooters
  5 deep troll earth magi
  8 hell knights
  3 shock serpents
  2 vampire magi
  An orc high priest (Elf:1)
  Sonja (Lair:2)
  2 soul eaters (Depths:4)
  21 deep elf knights
  A shadow wraith (Depths:3)
  A sun demon (Lair:6)
  Nergalle (D:10)
  3 salamander mystics
  10 skeletal warriors
  A fire crab (Lair:4)
  A goliath frog (shapeshifter) (Vaults:5)
  13 iron trolls
  A shadow demon (Depths:2)
  2 spark wasp zombies (WizLab)
  A steelbarb worm (shapeshifter) (Vaults:4)
  A goliath frog (Depths:4)
  70 deep trolls
  8 sea snakes
  5 glowing orange brains
  18 deep elf archers
  A flayed ghost (Depths:3)
  2 naga ritualists
  11 ironbound convokers
  3 sphinx zombies (WizLab)
  10 wizards
  A harpy (shapeshifter) (D:12)
  41 deep elf pyromancers
  3 shining eyes
  3 phantasmal warriors (Vaults:5)
  2 lindwurms
  28 deep elf zephyrmancers
  44 ugly things
  9 mana vipers
  12 harpies
  16 manticores
  A wolf spider (Depths:4)
  2 necromancers
  19 orc knights
  An orc sorcerer (Elf:1)
  2 stone giant zombies (WizLab)
  24 moths of wrath
  20 fauns
  11 salamanders
  A centaur zombie (D:10)
  13 cyclopes
  A frost giant zombie (WizLab)
  36 black mambas
  A moth of wrath (shapeshifter) (Depths:3)
  A fire giant skeleton (Depths:1)
  A demonspawn zombie (WizLab)
  A smoke demon (Depths:2)
  2 molten gargoyles (Volcano)
  3 guardian serpents
  A torpor snail (Lair:4)
  9 merfolk sirens
  14 vault sentinels
  5 eyes of devastation
  3 orange demons
  A titan simulacrum (Depths:1)
  A torpor snail (shapeshifter) (Vaults:5)
  4 centaur skeletons (D:14)
  12 naga magi
  19 cane toads
  An efreet (Volcano)
  An unseen horror (Depths:4)
  4 water nymphs
  2 gargoyles
  A storm dragon simulacrum (Depths:1)
  3 kobold demonologists
  A spriggan zombie (Depths:1)
  A yaktaur (shapeshifter) (Vaults:4)
  5 rime drakes
  Psyche (D:11)
  16 komodo dragons
  A demonic crawler (Depths:4)
  A freezing wraith (D:15)
  31 yaktaurs
  A tengu conjurer (D:14)
  2 hellwings
  2 red devils
  3 guardian mummies (WizLab)
  An ice devil (Lair:6)
  11 trolls
  22 merfolk
  A polar bear (Lair:1)
  A meliai (D:13)
  86 slime creatures
  7 hornets
  2 tengu simulacra (Depths:1)
  6 wind drakes
  An iron dragon simulacrum (Depths:1)
  A fire dragon zombie (WizLab)
  2 frost giant simulacra (Depths:1)
  A slime creature (shapeshifter) (Vaults:5)
  12 dream sheep
  20 blink frogs
  An ettin zombie (WizLab)
  7 snapping turtles
  17 water elementals
  4 air elementals (Elf:3)
  67 yaks
  A jumping spider (shapeshifter) (Elf:3)
  A centaur simulacrum (D:12)
  6 spriggans
  5 wyverns
  6 wraiths
  An elf simulacrum (Vaults:1)
  2 elf zombies
  A hog (shapeshifter) (Vaults:5)
  2 steam dragons
  3 basilisks
  5 fire elementals
  A redback (D:12)
  A redback (shapeshifter) (Depths:3)
  A spriggan simulacrum (Depths:1)
  2 neqoxecs
  9 golden eyes
  8 vampire mosquitoes
  2 chaos spawn (Depths:4)
  4 wargs
  Edmund (D:5)
  2 acid dragons
  44 nagas
  3 floating eyes
  23 water moccasins
  6 hell hounds
  A large abomination (Depths:4)
  A hornet zombie (D:6)
  3 black bears
  24 orc warriors
  A necrophage (D:5)
  23 ogres
  9 wolves
  A boggart (shapeshifter) (Depths:4)
  13 centaurs
  2 phantoms
  3 kobold brigands
  2 gnoll sergeants (D:8)
  8 bullfrogs
  3 wyvern zombies
  3 scorpions
  2 earth elementals
  A wyvern skeleton (D:6)
  4 wights
  6 killer bees
  6 howler monkeys
  An electric eel (Lair:5)
  A crimson imp (D:9)
  5 lava snakes (Volcano)
  A human simulacrum (Vaults:1)
  A gnoll shaman (D:8)
  2 bullfrog zombies
  17 orc priests
  3 jellies
  3 iguanas
  20 orc wizards
  A hell rat (Depths:4)
  2 killer bee zombies (D:8)
  A small abomination (Depths:4)
  A hound skeleton (D:5)
  A howler monkey zombie (D:8)
  3 gnolls (D:8)
  9 adders
  2 white imps
  3 worms
  A dart slug (D:1)
  49 orcs
  9 endoplasms
  5 giant cockroaches
  10 goblins
  9 hobgoblins
  4 jackals (D:1)
  23 kobolds
  8 quokkas
  4 ball pythons
  9 bats
  3 frilled lizards
  4 rats
  2 tentacles
2086 creatures vanquished.

Vanquished Creatures (collateral kills)
  An Orb Guardian (Zot:5)
  An acid blob (Slime:2)
  A shadow dragon (Zot:1)
  A draconian knight (Zot:1)
  A yellow draconian (Zot:1)
  A dancing weapon (Elf:1)
  A gnoll (D:8)
7 creatures vanquished.

Vanquished Creatures (others)
  A draconian knight (Zot:2)
  A merfolk aquamancer (Shoals:1)
  3 deep elf knights
  A necromancer (Vaults:1)
  A cane toad (Lair:1)
  3 humans (Shoals:2)
  2 orc warriors
  An orc wizard (D:7)
  An orc (Vaults:5)
  50 fungi
  290 plants
  3 snaplasher vines
  31 tentacles
388 creatures vanquished.

Grand Total: 2481 creatures vanquished

Notes
Turn   | Place    | Note
-------+----------+-------------------------------------------
     0 | D:1      | drugrobin the Demigod Warper began the quest for the Orb.
     0 | D:1      | Reached XP level 1. HP: 17/17 MP: 5/5
   219 | D:1      | Reached skill level 1 in Stealth
   272 | D:2      | Reached XP level 2. HP: 12/24 MP: 7/7
   423 | D:2      | Learned a level 2 spell: Blink
  1300 | D:1      | Reached XP level 3. HP: 22/29 MP: 8/8
  1499 | D:1      | Reached skill level 2 in Stealth
  2146 | D:1      | Learned a level 3 spell: Teleport Other
  3598 | D:2      | Found Wadu's Book Boutique.
  3719 | D:2      | Reached XP level 4. HP: 32/36 MP: 9/9
  3847 | D:3      | Found Geravul's Weapon Shop.
  3975 | D:3      | Reached skill level 3 in Stealth
  4450 | D:3      | Noticed Ijyb
  4455 | D:3      | Reached XP level 5. HP: 41/41 MP: 10/10
  4494 | D:3      | Found a runed translucent gate.
  4495 | D:3      | Found a runed translucent gate.
  4496 | D:3      | Found a runed translucent gate.
  4845 | D:3      | Noticed siradein's ghost (amateur MiFi)
  6580 | D:4      | Found a runed translucent gate.
  6582 | D:4      | Found a runed translucent gate.
  6583 | D:4      | Found a runed translucent gate.
  6585 | D:4      | Noticed Cecur's ghost (amateur SpWn)
  6586 | D:4      | Identified the +0 chain mail of Nizxun {rC+ Dex+3}
  6781 | D:5      | Entered Level 5 of the Dungeon
  6798 | D:5      | Noticed a centaur
  6808 | D:5      | Noticed Edmund
  6815 | D:5      | Killed a centaur
  6816 | D:5      | Reached skill level 4 in Stealth
  6816 | D:5      | Reached XP level 6. HP: 15/48 MP: 9/11
  7820 | D:5      | Found a staircase to the Ecumenical Temple.
  7872 | D:5      | Killed Edmund
  7873 | D:5      | Reached XP level 7. HP: 30/53 MP: 9/12
  8047 | D:5      | Found a runed translucent gate.
  8047 | D:5      | Found a runed translucent gate.
  8050 | D:5      | Found a runed translucent gate.
  8050 | D:5      | Noticed SirDiesAlot's ghost (amateur DEEE)
  8823 | D:6      | Reached skill level 5 in Short Blades
  8823 | D:6      | Reached skill level 5 in Stealth
  9826 | D:6      | Noticed a steam dragon
  9918 | D:7      | Reached XP level 8. HP: 23/60 MP: 13/13
 10590 | D:7      | Reached skill level 6 in Stealth
 10838 | D:7      | Identified the +2 whip of Ytrang {spect, rF- rCorr Int+3}
 11598 | D:7      | Reached skill level 5 in Dodging
 12894 | D:8      | Reached skill level 7 in Stealth
 13155 | D:7      | Reached XP level 9. HP: 17/64 MP: 4/14
 13666 | D:8      | Identified the +1 whip of Raqihixo {elec, Will+ Str+6
                  | Stlth-}
 14846 | D:8      | Noticed a boulder beetle
 15228 | D:8      | Reached skill level 8 in Stealth
 15449 | D:8      | Identified a scroll of acquirement
 15450 | D:8      | Acquired the +0 pair of boots "Epuimoimn" {Will+ Str+3}
 15505 | D:8      | Killed a boulder beetle
 16989 | D:9      | Noticed a two-headed ogre
 17019 | D:9      | Killed a two-headed ogre
 17020 | D:9      | Reached XP level 10. HP: 74/74 MP: 12/15
 17218 | D:9      | You are sucked into a shaft and drop 3 floors!
 17254 | D:12     | Noticed a cyclops
 17314 | D:12     | Noticed a brown ugly thing
 17345 | D:12     | Found a runed translucent door.
 17345 | D:12     | Noticed frimble's ghost (journeyman GnIE)
 17345 | D:12     | Identified the +7 battleaxe "Masiq" {chaos, Fly rN+}
 17345 | D:12     | Noticed a +7 battleaxe "Masiq" {chaos, Fly rN+}
 17359 | D:12     | Noticed a skeletal warrior
 17363 | D:12     | Noticed a skeletal warrior
 17363 | D:12     | Noticed a skeletal warrior
 17503 | D:11     | Reached skill level 9 in Stealth
 17759 | D:10     | Entered Level 10 of the Dungeon
 18593 | D:10     | Noticed Nergalle
 18671 | D:10     | Found a staircase to the Orcish Mines.
 21523 | D:11     | Noticed Psyche
 21527 | D:11     | Noticed a six-headed hydra
 21568 | D:11     | Killed Psyche
 22522 | D:11     | Found a staircase to the Lair.
 22557 | D:11     | Reached XP level 11. HP: 33/85 MP: 9/17
 22814 | Lair:1   | Entered Level 1 of the Lair of Beasts
 22886 | Lair:1   | Reached skill level 10 in Stealth
 23384 | Lair:1   | Reached skill level 5 in Fighting
 25255 | Lair:1   | Reached skill level 10 in Short Blades
 25433 | Lair:1   | Found a transporter.
 25457 | Lair:1   | Noticed Jethan's ghost (journeyman DjWz)
 25474 | Lair:1   | Found a transporter.
 26120 | Lair:1   | Identified the +11 long sword "Ocius" {vorpal, rC++}
 26200 | Lair:2   | Identified the +0 robe of Resourcefulness {rF- MP+9 Str+3}
 26856 | Lair:2   | Found a staircase to the Snake Pit.
 27022 | Lair:2   | Noticed an eight-headed hydra
 27095 | Lair:1   | Reached skill level 11 in Stealth
 27600 | Lair:2   | Noticed Sonja
 27692 | Lair:2   | Found a staircase to the Shoals.
 27974 | Lair:1   | Reached XP level 12. HP: 81/96 MP: 16/18
 28736 | Lair:2   | Noticed a catoblepas
 28767 | Lair:2   | Killed a catoblepas
 29167 | Lair:2   | Killed an eight-headed hydra
 29168 | Lair:2   | Reached skill level 10 in Dodging
 29168 | Lair:2   | Reached skill level 12 in Stealth
 29409 | Lair:2   | Reached skill level 1 in Evocations
 29702 | Lair:2   | Killed Sonja
 30357 | Lair:3   | Noticed a five-headed hydra
 30360 | Lair:3   | Killed a five-headed hydra
 30987 | Lair:4   | Found a dark tunnel.
 31046 | Volcano  | Entered a volcano
 31522 | Volcano  | Noticed a stone giant
 31584 | Volcano  | HP: 3/96 [stone giant/large rock (31)]
 32440 | Lair:4   | Found a transporter.
 32442 | Lair:4   | Found a transporter.
 32443 | Lair:4   | Noticed a boulder beetle
 32443 | Lair:4   | Noticed a boulder beetle
 32443 | Lair:4   | Noticed a boulder beetle
 32733 | Lair:4   | Noticed a six-headed hydra
 32776 | Lair:4   | Killed a one-headed hydra
 32924 | Lair:4   | Reached XP level 13. HP: 87/102 MP: 15/19
 33695 | Lair:5   | Reached skill level 13 in Stealth
 33822 | Lair:5   | Acquired the +8 quick blade of Sorr {vamp, rC+ rCorr Dex-2}
 34258 | Lair:5   | Found a staircase to the Slime Pits.
 34489 | Lair:6   | Entered Level 6 of the Lair of Beasts
 34502 | Lair:5   | Reached skill level 5 in Evocations
 34977 | Lair:6   | Noticed a dire elephant
 35088 | Lair:6   | Killed a dire elephant
 35737 | Lair:6   | Identified the +1 spear "Ceysic" {vorpal, Str+6 Dex+3
                  | Stlth-}
 37262 | Lair:6   | Found a gateway to Hell.
 37279 | Lair:6   | Reached XP level 14. HP: 96/114 MP: 15/20
 37546 | D:10     | Killed Nergalle
 37555 | Orc:1    | Entered Level 1 of the Orcish Mines
 37683 | Orc:2    | Entered Level 2 of the Orcish Mines
 37761 | Orc:1    | Reached skill level 14 in Stealth
 39109 | D:12     | Identified the +1 leather armour of Midsummer {+Inv}
 39117 | D:12     | Identified the +3 long sword of Unreason {vorpal, rCorr
                  | Str+2 Stlth+}
 39905 | Orc:2    | Found Goijemy Nill's General Store.
 39918 | Orc:2    | Found Usouda's Jewellery Shoppe.
 39921 | Orc:2    | Bought a wand of paralysis (6) for 96 gold pieces
 39921 | Orc:2    | Bought a wand of paralysis (5) for 84 gold pieces
 39923 | Orc:2    | Found Cusil's Antique Weapon Boutique.
 39924 | Orc:2    | Found Vukumez's Magic Scroll Boutique.
 39966 | Orc:2    | Bought a faintly glowing hand crossbow for 161 gold pieces
 39966 | Orc:2    | Identified the +8 hand crossbow of the Incandescent {elec,
                  | Will+} (You bought it in a shop on level 2 of the Orcish
                  | Mines)
 40032 | Orc:1    | Reached skill level 5 in Translocations
 40373 | Orc:2    | Found a staircase to the Elven Halls.
 40442 | Orc:2    | Bought a scroll of teleportation for 42 gold pieces
 40442 | Orc:2    | Bought a scroll of teleportation for 42 gold pieces
 41103 | Orc:2    | Bought a +4 ring of slaying for 1092 gold pieces
 41129 | Elf:1    | Entered Level 1 of the Elven Halls
 41142 | Elf:1    | Reached skill level 1 in Crossbows
 41193 | Elf:1    | Found Nulot's Antique Weapon Shop.
 41283 | Elf:1    | Noticed a deep elf sorcerer
 42013 | Elf:1    | Killed a deep elf sorcerer
 43312 | D:13     | Reached XP level 15. HP: 125/125 MP: 21/21
 43590 | D:13     | Reached skill level 15 in Stealth
 44065 | D:13     | Identified the +8 scale mail "Zaest" {rElec Will+ Str+4}
 45077 | D:14     | Noticed Roxanne
 45109 | D:14     | Reached skill level 10 in Fighting
 45152 | D:14     | Found a gate to the Vaults.
 45406 | D:14     | Reached skill level 5 in Crossbows
 45981 | D:15     | Entered Level 15 of the Dungeon
 46419 | D:15     | Noticed Rupert
 46504 | D:15     | Noticed Josephine
 46536 | D:15     | Killed Josephine
 47418 | D:15     | Found a staircase to the Depths.
 47489 | Depths:1 | Entered Level 1 of the Depths
 47534 | Depths:1 | Identified the +2 robe of Hedge Wizardry {Will+ Regen+
                  | Slay+3}
 47553 | Depths:1 | Learned a level 4 spell: Iskenderun's Mystic Blast
 47738 | Depths:1 | Reached skill level 1 in Conjurations
 48624 | Depths:1 | Found Big Baal Hell's Store.
 49187 | Depths:1 | Reached XP level 16. HP: 136/136 MP: 22/22
 49614 | Depths:2 | Found Xicemyge's General Store.
 50055 | Depths:2 | Reached skill level 16 in Stealth
 50734 | Depths:2 | Found a one-way gateway to a ziggurat.
 51032 | Depths:2 | Noticed a tentacled starspawn
 51033 | Depths:2 | Found a transporter.
 51034 | Depths:2 | Noticed a tentacled starspawn
 51034 | Depths:2 | Noticed a tentacled starspawn
 51035 | Depths:2 | Noticed a tentacled starspawn
 51037 | Depths:2 | Found a transporter.
 51037 | Depths:2 | Noticed a tentacled starspawn
 52692 | Shoals:1 | Entered Level 1 of the Shoals
 53201 | Shoals:1 | Found Qifylau's Assorted Antiques.
 53206 | Shoals:1 | Found a runed translucent door.
 53209 | Shoals:1 | Bought a scroll labelled NUIXAY OXELIK for 32 gold pieces
 53209 | Shoals:1 | Bought a viscous grey potion for 28 gold pieces
 53220 | Shoals:1 | Noticed drugrobin's ghost (journeyman DgWr)
 53220 | Shoals:1 | Found the amulet of the Air {Inacc Air Fly rElec RMsl}
 53231 | Shoals:1 | Killed drugrobin's ghost
 53236 | Shoals:1 | Got the Tome of the Hidden Mouths
 53322 | Shoals:1 | Noticed a kraken
 53372 | Shoals:1 | Killed a kraken
 54178 | Shoals:2 | Found Pive's Antique Weapon Shop.
 54258 | Shoals:2 | Noticed a kraken
 54321 | Shoals:2 | Killed a kraken
 54452 | Shoals:2 | Noticed Kirke
 54686 | Shoals:2 | Killed Kirke
 55253 | Shoals:2 | Noticed Mlioglotl
 55604 | Shoals:2 | Learned a level 4 spell: Passage of Golubria
 55608 | Shoals:2 | Learned a level 3 spell: Lesser Beckoning
 55826 | Shoals:3 | Noticed a titan
 55869 | Shoals:3 | Killed a titan
 56635 | Shoals:4 | Entered Level 4 of the Shoals
 57114 | Shoals:4 | Reached XP level 17. HP: 141/146 MP: 17/23
 57756 | Shoals:4 | Reached skill level 15 in Dodging
 57865 | Shoals:4 | Reached skill level 17 in Stealth
 58414 | Shoals:4 | Found Wajif's Jewellery Shop.
 58426 | Shoals:4 | Bought a ring of see invisible for 255 gold pieces
 58426 | Shoals:4 | Bought an amulet of reflection for 510 gold pieces
 58509 | Shoals:4 | Got a barnacled rune of Zot
 59471 | Elf:1    | Learned a level 3 spell: Gell's Gravitas
 62019 | Elf:2    | Reached skill level 10 in Translocations
 62349 | Elf:2    | Reached skill level 10 in Crossbows
 62361 | Elf:2    | Upgraded the game from 0.29-a0-113-g078de9bc30 to
                  | 0.29-a0-119-g4040846114
 62419 | Elf:2    | Found a huge runed translucent gate.
 62419 | Elf:2    | Found a huge runed translucent gate.
 62420 | Elf:2    | Found a huge runed translucent gate.
 62428 | Elf:2    | Found a huge runed translucent gate.
 62432 | Elf:2    | Found a huge runed translucent gate.
 62594 | Elf:3    | Entered Level 3 of the Elven Halls
 62789 | Elf:3    | Reached XP level 18. HP: 127/156 MP: 1/24
 64021 | Elf:2    | Reached skill level 18 in Stealth
 65914 | Elf:3    | Identified the +10 chain mail of the Ward {rN+}
 65986 | Elf:3    | Identified the +1 glaive of Watchfulness {freeze, rC+}
 65986 | Elf:3    | Identified the ring of Oqayn {Wiz rCorr Dex+3}
 65987 | Elf:3    | Identified the +11 spear of Evisceration {pain, *Noise
                  | Int+7}
 66379 | Elf:3    | Identified the +1 scimitar "Guwn" {vorpal, rF+}
 66855 | Elf:3    | Noticed a Brimstone Fiend
 67951 | Snake:1  | Entered Level 1 of the Snake Pit
 68343 | Snake:1  | Noticed Louise
 68379 | Snake:1  | Killed Louise
 68900 | Snake:2  | Found Kethraun's Antique Weapon Shop.
 68902 | Snake:2  | Found Ihoumic Qots's Antique Weapon Shop.
 68902 | Snake:2  | Found Piwadewo's Distillery.
 69321 | Snake:2  | Learned a level 5 spell: Summon Forest
 69373 | Snake:2  | Noticed Aizul
 69654 | Snake:2  | Found Xoastrei's Book Boutique.
 69682 | Snake:2  | Bought a pitted rapier for 279 gold pieces
 69682 | Snake:2  | Identified the +8 rapier of the Elven Halls {antimagic,
                  | rElec rF- Dex+4 Stlth+} (You bought it in a shop on level 2
                  | of the Snake Pit)
 69696 | Snake:2  | Reached skill level 1 in Summonings
 69767 | Snake:2  | Killed Aizul
 69955 | Snake:2  | Bought a potion of heal wounds for 75 gold pieces
 70191 | Snake:2  | Noticed Vashnia
 70335 | Snake:2  | Killed Vashnia
 70336 | Snake:2  | Reached XP level 19. HP: 55/168 MP: 6/28
 70827 | Snake:3  | Found Faneo's Weapon Shop.
 70848 | Snake:3  | Found Xixi's Magic Scroll Boutique.
 70855 | Snake:3  | Bought 2 scrolls of blinking for 255 gold pieces
 71217 | Snake:3  | Found Iqe Ness's Distillery.
 71227 | Snake:3  | Bought a potion of berserk rage for 65 gold pieces
 71227 | Snake:3  | Bought a potion of berserk rage for 65 gold pieces
 71227 | Snake:3  | Bought a potion of curing for 39 gold pieces
 71227 | Snake:3  | Bought a potion of curing for 39 gold pieces
 71227 | Snake:3  | Bought a potion of haste for 130 gold pieces
 71299 | Snake:3  | Noticed Agnes
 71301 | Snake:3  | Killed Agnes
 71620 | Snake:3  | Found the +3 pair of gauntlets of War {Slay+5}
 72088 | Snake:4  | Entered Level 4 of the Snake Pit
 73181 | Snake:3  | Reached skill level 19 in Stealth
 74636 | Snake:4  | Reached skill level 5 in Spellcasting
 74642 | Snake:4  | Got a serpentine rune of Zot
 75005 | Slime:1  | Entered Level 1 of the Pits of Slime
 75442 | Slime:1  | Reached skill level 15 in Fighting
 75663 | Slime:1  | Gained mutation: Potions are less effective at restoring
                  | your health. [a shining eye]
 78731 | Slime:5  | Entered Level 5 of the Pits of Slime
 78760 | Slime:5  | Reached XP level 20. HP: 178/178 MP: 34/34
 78867 | Slime:5  | Noticed the Royal Jelly
 79192 | Slime:5  | Found the +5 scythe "Finisher" {speed, eviscerate}
 79778 | Vaults:1 | Entered Level 1 of the Vaults
 80167 | Vaults:1 | Reached skill level 1 in Armour
 81211 | Vaults:1 | Found a portal to a secret trove of treasure.
 81655 | Vaults:1 | Reached skill level 20 in Stealth
 81893 | Vaults:1 | Learned a level 3 spell: Mephitic Cloud
 82897 | Vaults:2 | Noticed Saint Roka
 83218 | Vaults:1 | Learned a level 6 spell: Dispersal
 85245 | Vaults:3 | Noticed a bone dragon
 85247 | Vaults:3 | Found a staircase to the Crypt.
 85249 | Vaults:3 | Killed a bone dragon
 85250 | Vaults:3 | Reached XP level 21. HP: 189/189 MP: 38/38
 85896 | Crypt:1  | Entered Level 1 of the Crypt
 85939 | Crypt:1  | Found a magical portal.
 85944 | WizLab   | Entered Doroklohe's Tomb
 86152 | WizLab   | Noticed an ancient lich
 86171 | WizLab   | Killed an ancient lich
 87125 | Vaults:4 | Reached skill level 15 in Short Blades
 87593 | Vaults:4 | Learned a level 5 spell: Manifold Assault
 87919 | Vaults:5 | Entered Level 5 of the Vaults
 88103 | Vaults:3 | Reached skill level 21 in Stealth
 88674 | Vaults:5 | Noticed Margery
 88826 | Vaults:5 | Noticed a dread lich
 88855 | Vaults:4 | Killed Margery
 89314 | Vaults:4 | Reached skill level 10 in Spellcasting
 89483 | Vaults:2 | Killed Saint Roka
 90411 | Depths:2 | Found a one-way gate leading to the halls of Pandemonium.
 90918 | Depths:3 | Identified the ring of the Tempest {rC+ Will++ MP+9 Dex+2}
 91320 | Depths:3 | Reached XP level 22. HP: 200/200 MP: 40/42
 91478 | Depths:3 | Found a one-way gate to the infinite horrors of the Abyss.
 91597 | Depths:3 | You fall into a shaft and drop 1 floor!
 91597 | Depths:4 | Entered Level 4 of the Depths
 91681 | Depths:3 | Noticed a caustic shrike
 91684 | Depths:3 | Killed a caustic shrike
 91722 | Depths:3 | Found a transporter.
 91740 | Depths:3 | Identified the ring of Summer {Ice Will+ Int+2}
 91800 | Depths:3 | Found a transporter.
 91829 | Depths:3 | Identified the ring "Fumpeafag" {Wiz Str+5 Dex+3 Slay-2
                  | SInv Stlth-}
 92956 | Depths:4 | Identified the ring of Arhypt {Fly rPois Int+4}
 93649 | Depths:4 | Reached skill level 22 in Stealth
 94045 | Depths:4 | Identified the +1 chain mail "Amnirchuy" {-Tele Dex+6}
 94953 | Depths:4 | Found a gate to the Realm of Zot.
 95090 | Depths:4 | Found a runed translucent gate.
 95091 | Depths:4 | Found a runed translucent gate.
 95091 | Depths:4 | Found a runed translucent gate.
 95455 | Depths:4 | Identified the +1 scale mail "Luennaff" {*Slow rPois rF+++}
 96106 | Vaults:4 | Killed a dread lich
 97264 | Vaults:5 | Reached XP level 23. HP: 189/211 MP: 45/45
 97270 | Vaults:5 | Noticed a dread lich
 97323 | Vaults:5 | Identified the +11 glaive "Zurofi" {spect, Contam Str+4}
 97323 | Vaults:5 | Found the ring of the Octopus King {AC+1 EV+1 Str+1 Int+1
                  | Dex+1 SInv}
 97603 | Vaults:5 | Identified the -5 pair of gloves of Durable Lucidity {rC+
                  | Will+ Str+5}
 97860 | Vaults:5 | Got a silver rune of Zot
 97960 | Vaults:5 | Identified the +8 morningstar of Dathaul {venom, Drain
                  | rElec rC+ Str+3}
 98192 | Vaults:5 | Learned a level 3 spell: Ignite Poison
 98523 | Vaults:5 | Killed a dread lich
 99290 | Zot:1    | Entered Level 1 of the Realm of Zot
 99306 | Zot:1    | Reached skill level 23 in Stealth
101455 | Snake:3  | Bought the +2 rapier of Qaluhaett {freeze, *Rage rPois
                  | Str+6 Stlth+} for 542 gold pieces
106821 | Zot:2    | Reached skill level 1 in Transmutations
108657 | Zot:3    | Reached XP level 24. HP: 224/224 MP: 42/47
109836 | Zot:3    | Reached skill level 24 in Stealth
110288 | Zot:3    | Identified the +0 pair of boots "Fitomaoca" {rElec Str+2}
110832 | Zot:4    | Found a transporter.
110832 | Zot:4    | Found a transporter.
110834 | Zot:4    | Identified the ring of Hasera {rF- rCorr AC+4 Dex+8 Slay-6}
110850 | Zot:4    | Noticed lunkers's ghost (veteran MfGl)
110856 | Zot:4    | Noticed a dread lich
110886 | Zot:4    | Noticed an orb of fire
111644 | Zot:4    | Gained mutation: You are clumsy. (Dex -2) [an orb of fire]
111667 | Zot:3    | Killed an orb of fire
111668 | Zot:3    | Reached skill level 5 in Transmutations
112565 | Zot:3    | Learned a level 6 spell: Statue Form
112958 | Zot:4    | Reached skill level 1 in Earth Magic
113180 | Zot:5    | Entered Level 5 of the Realm of Zot
113864 | Zot:5    | Noticed a dread lich
114368 | Zot:5    | Killed a dread lich
114495 | Zot:5    | Noticed an orb of fire
114519 | Zot:5    | Gained mutation: You have hidden genetic defects. [an orb
                  | of fire]
114521 | Zot:5    | Gained mutation: Your body sometimes deteriorates upon
                  | taking damage. [an orb of fire]
114521 | Zot:5    | Noticed a Killer Klown
114522 | Zot:5    | Gained mutation: Your spells are a little easier to cast,
                  | but a little less powerful. [an orb of fire]
114525 | Zot:5    | Gained mutation: Your spells are easier to cast, but less
                  | powerful. [an orb of fire]
114539 | Zot:5    | Noticed a Killer Klown
114549 | Zot:5    | Killed an orb of fire
114552 | Zot:5    | Noticed an ancient lich
114552 | Zot:5    | Noticed an orb of fire
114552 | Zot:5    | Noticed a dread lich
114552 | Zot:5    | Noticed a dread lich
114552 | Zot:5    | Noticed a dread lich
114553 | Zot:5    | Noticed an ancient lich
114554 | Zot:5    | Noticed a Killer Klown
114555 | Zot:5    | Noticed an ancient lich
114585 | Zot:5    | HP: 11/228 [death cob (24)]
114589 | Zot:5    | Mangled by a death cob

Illustrated notes

Levels and vault maps discovered:
D:1:      dpeg_arrival_lava_temple_mockup, layout_loops_ring,
          shapermc_ecumenical_altar_pompeii, item_on_display_a
D:2:      layout_loops_cross, serial_shops, shop_statue, serial_glass,
          glass_columns_a, glass_columns_c, supply_closet_lemuel
D:3:      minmay_diamond_boxcup, layout_loops_ring, serial_shops,
          nicolae_square_shop, gammafunk_ghost_icy, small_statue_intersection,
          kennysheep_generic_room_2, uniq_ijyb
D:4:      layout_rooms, biasface_ghost_orc_armoury
D:5:      layout_basic, minmay_temple_entry_mist, gammafunk_ghost_nasty_kobolds,
          nicolae_elevator_lobby_asterisk, uniq_edmund
D:6:      layout_basic
D:7:      layout_loops_ring, minmay_a_box_with_orc_wizards_in_it
D:8:      minmay_spotlight, layout_loops_ring, general_overflow_altar,
          small_statue_intersection, grunt_decor_cap
D:9:      layout_gridville, minmay_fire_ice_demons
D:10:     layout_cave_pods, orc_0_dummy, abandoned_shop, uniq_nergalle
D:11:     layout_rooms, david_lair_shrubbed, uniq_psyche
D:12:     minmay_the_grid_octo_triangle [minmay_the_grid_octo_toaster,
          minmay_the_grid_octo_prize_big_c, minmay_the_grid_octo_fan_narrow],
          layout_loops_ring, ebering_ghost_xom
D:13:     layout_irregular_city, minmay_evil_grid
D:14:     layout_basic, hangedman_vaults_entry_quadrant_bands,
          nicolae_vehumet_altar_sigil, uniq_roxanne
D:15:     grunt_enter_depths_snipers, layout_basic,
          lemuel_coloured_pillars_altar, minmay_variable_closet, uniq_rupert,
          uniq_josephine
Lair:1:   layout_regular_city, gammafunk_ghost_berserking_beasts,
          beast_lair_carwin_6, grunt_megastairs_5
Lair:2:   layout_gridlike, minmay_shoals_entry_hut,
          minmay_snake_entry_six_corridors, beast_lair_carwin_7, uniq_sonja
Lair:3:   layout_roguey, grunt_megastairs_4
Lair:4:   gammafunk_boulding_lane, layout_cave_pods, enter_volcano_3,
          gauntlet_entry_generic, hangedman_lair_generics_rect
Lair:5:   layout_regular_city, dpeg_slime_entry_enclosed_altar,
          wad_woods_river_03
Lair:6:   evil_forest, layout_regular_city, pond
Shoals:1: layout_shoals, serial_shops, nicolae_shop_hallway_stairs,
          gammafunk_ghost_grave
Shoals:2: layout_shoals, serial_shops, nicolae_lakefront_shop, uniq_kirke,
          uniq_mlioglotl
Shoals:3: cheibrodos_shoals_gigantism, layout_shoals
Shoals:4: shoals_end_grunt_garden, layout_shoals, serial_shops,
          nicolae_shop_behind_doors
Snake:1:  layout_misc_corridors, grunt_megastairs_2, uniq_louise
Snake:2:  layout_rooms, minmay_shoptagon, uniq_aizul, uniq_vashnia
Snake:3:  layout_chambers, serial_shops, nicolae_shop_statue_plus,
          nicolae_shop_statue_plus, nicolae_shop_window_shopping, uniq_agnes
Snake:4:  minmay_snake_end_coiled, layout_chambers, basic_altar
Slime:1:  layout_caves
Slime:2:  layout_caves
Slime:3:  layout_caves
Slime:4:  layout_caves
Slime:5
Orc:1:    layout_caves, roderic_batcave
Orc:2:    st_orc_open, layout_caves
Elf:1:    kennysheep_blocky_room, layout_loops_cross, special_room
          [special_room_orc], serial_shops, nicolae_lakefront_shop,
          kennysheep_underground_church
Elf:2:    elven_hall_of_blades_hangedman_alternative
          [nicolae_blade_entry_crossed_weapons], layout_geoelf_octagon,
          minivault_24
Elf:3:    grunt_elf_hall_diamonds, layout_geoelf_octagon
Vaults:1: nicolae_vaults_windows_and_doors_thing, nicolae_vaults_back_hallway,
          nicolae_vaults_shelves_hall, nicolae_vaults_little_squares_3,
          vaults_mumra_bighexcomb, vaults_dpeg_doors, v_rooms_1, v_misc_29,
          ontoclasm_vaults_chip, ontoclasm_vaults_chip, v_misc_25,
          vaults_standard_mumra_lines, layout_vaults_omnibox,
          nicolae_trove_entry_crossroad
Vaults:2: v_misc_10, v_misc_14, layout_vaults_omnigrid, uniq_saint_roka
Vaults:3: v_misc_15, vaults_dpeg_diagonal, ontoclasm_vaults_claustrophobia,
          nicolae_vaults_theta, v_misc_18, v_misc_8, vaults_room_fours,
          minmay_crypt_entry_nasty_monster, nicolae_vaults_bisected_slash,
          hangedman_vaults_restitches, grunt_vaults_hallway_short,
          layout_vaults_big_room
Vaults:4: v_misc_13, ontoclasm_vaults_misaligned, vaults_dpeg_cross,
          v_pattern_1, v_misc_22, ontoclasm_vaults_eye,
          nicolae_vaults_little_squares_5, vaults_dpeg_hooks, v_alt_pattern_1,
          ontoclasm_vaults_decontamination, nicolae_vaults_network_star,
          ontoclasm_vaults_gateway, layout_vaults_maze_bifur
Vaults:5: uniq_margery
Crypt:1:  layout_chaotic_city, mu_enter_wizlab_2, grunt_megastairs_1
Depths:1: layout_gridlike, nicolae_hell_entry_big_baal_hell,
          minmay_misc_feat_tiny, grunt_decor_one_mirror, water_maze_lemuel,
          serial_bayou_shore_b
Depths:2: gammafunk_corrupted_shrine, layout_basic, enter_ziggurat_b,
          rand_demon_pan_entry_9, hell_entry, nemelex_diamond_rough_becter,
          serial_shops, shop_coins, minmay_staircase_windowed_large
Depths:3: hangedman_spin_cycle, abyss_entry, hell_entry
Depths:4: grunt_zot_entry_pinwheel, layout_gridlike, minmay_misc_feat_doors,
          abyss_entry, pf_hell_entry_tar_river, rand_demon_pan_entry_3,
          nicolae_water_bricks, hangedman_decor_riveting, pandoras_box_mu
Zot:1:    layout_basic, zot_minivault_3
Zot:2:    layout_basic
Zot:3:    layout_gridlike
Zot:4:    layout_twisted_circle, gammafunk_ghost_mausoleum
Zot:5:    layout_gridlike

Skill      XL: |  1  2  3  4  5  6  7  8  9 10 11 12 13 14 15 16 17 18 19 20 21 22 23 24 |
---------------+-------------------------------------------------------------------------+-----
Short Blades   | 2 3 4 5 6 8 9 10 11 12 13 14 15 16 | 16.0
Stealth        | 1 2 3 4 5 7 8 9 11 12 13 14 15 16 17 18 19 20 21 22 23 24 | 24.0
Translocations | 3 4 5 7 8 10 | 10.1
Dodging        | 2 4 5 7 8 9 10 11 13 14 15 16 17 | 17.6
Fighting       | 2 4 6 7 9 10 12 13 14 15 16 17 18 20 21 | 21.1
Evocations     | 3 6 7 |  7.4
Crossbows      | 2 7 9 10 12 | 12.1
Conjurations   | 2 4 |  4.1
Spellcasting   | 3 6 8 10 12 14 | 14.0
Summonings     | 1 2 |  2.0
Armour         | 1 3 4 |  4.4
Transmutations | 2 7 |  7.4
Earth Magic    | 3 |  3.8
Throwing       | |  0.8

Action                   |  1- 3 |  4- 6 |  7- 9 | 10-12 | 13-15 | 16-18 | 19-21 | 22-24 || total
-------------------------+-------+-------+-------+-------+-------+-------+-------+-------++-------
Melee: Short sword       |   227 |   236 |   437 |   567 |   215 |    54 |       |       ||  1736
       Punch             |     1 |     4 |     3 |       |       |       |       |       ||     8
       Falchion          |       |       |       |    35 |       |       |       |       ||    35
       Rapier            |       |       |       |   126 |       |    41 |   143 |   517 ||   827
       Dagger            |       |       |       |    17 |       |       |       |       ||    17
       Long sword        |       |       |       |   263 |   269 |   149 |     5 |    11 ||   697
       Scimitar          |       |       |       |     5 |       |       |       |       ||     5
       Quick blade       |       |       |       |       |  1795 |  1989 |  3125 |  2911 ||  9820
       Hand crossbow     |       |       |       |       |     1 |       |       |       ||     1
 Fire: Hunting sling     |       |     4 |       |       |       |       |       |       ||     4
       Hand crossbow     |       |    63 |    70 |    98 |   146 |   546 |   163 |   335 ||  1421
Throw: Stone             |    56 |       |    12 |     6 |       |       |       |       ||    74
       Boomerang         |     2 |       |       |    50 |    19 |    20 |     8 |    15 ||   114
       Dart              |       |       |    24 |     8 |    16 |    12 |     1 |     4 ||    65
 Cast: Blink             |     1 |    16 |    33 |    42 |    55 |    35 |    43 |    54 ||   279
       Teleport Other    |       |     2 |     8 |    31 |    23 |    11 |     9 |    13 ||    97
       Lesser Beckoning  |       |       |       |       |       |    21 |     3 |     8 ||    32
       Iskenderun's Myst |       |       |       |       |       |    28 |    32 |    13 ||    73
       Gell's Gravitas   |       |       |       |       |       |    14 |    10 |       ||    24
       Passage of Golubr |       |       |       |       |       |     5 |       |     1 ||     6
       Summon Forest     |       |       |       |       |       |     1 |    12 |     7 ||    20
       Mephitic Cloud    |       |       |       |       |       |       |    17 |    13 ||    30
       Dispersal         |       |       |       |       |       |       |    11 |     5 ||    16
       Manifold Assault  |       |       |       |       |       |       |     4 |    25 ||    29
       Ignite Poison     |       |       |       |       |       |       |       |     5 ||     5
       Statue Form       |       |       |       |       |       |       |       |     2 ||     2
Evoke: Wand              |       |       |     5 |    21 |     1 |     2 |       |     7 ||    36
       Lightning rod     |       |       |       |       |     3 |       |       |       ||     3
       Phantom mirror    |       |       |       |       |     1 |     2 |       |     1 ||     4
       Box of beasts     |       |       |       |       |       |       |     2 |     1 ||     3
       Phial of floods   |       |       |       |       |       |       |       |     5 ||     5
       Condenser vane    |       |       |       |       |       |       |       |     1 ||     1
       Tin of tremorston |       |       |       |       |       |       |       |     2 ||     2
  Use: Scroll            |     1 |       |    11 |    16 |     8 |    14 |     2 |     4 ||    56
       Potion            |       |       |     2 |     5 |     1 |     3 |     1 |     6 ||    18
 Stab: Sleeping          |     5 |     8 |     3 |    17 |    70 |    47 |   107 |    43 ||   300
       Paralysed         |       |       |     4 |     2 |     1 |       |       |       ||     7
       Distracted        |       |       |     2 |     3 |     4 |    10 |    22 |    23 ||    64
       Confused          |       |       |       |       |       |       |    16 |    12 ||    28
Armor: Leather armour    |    47 |    58 |    82 |    18 |    58 |       |       |    11 ||   274
       Steam dragon scal |       |       |       |   110 |       |       |       |       ||   110
       Troll leather arm |       |       |       |       |    49 |       |       |       ||    49
       Robe              |       |       |       |       |     8 |    75 |    99 |    78 ||   260
       Scale mail        |       |       |       |       |       |    22 |    16 |   204 ||   242
       Skin              |       |       |       |       |       |     5 |       |     9 ||    14
Dodge: Dodged            |   121 |   146 |   375 |   684 |  1143 |  1016 |  1507 |  1711 ||  6703
Block: Buckler           |       |       |       |   183 |   309 |   461 |   837 |   626 ||  2416
       Reflection        |       |       |       |       |       |    35 |    38 |    28 ||   101

Table legend: (Time is in decaauts)
 A = Elapsed time spent in this place.
 B = Non-inter-level travel time spent in this place.
 C = Inter-level travel time spent in this place.
 D = Time resting spent in this place.
 E = Time spent auto-exploring this place.
 F = Levels seen in this place.
 G = Mean time per level.
                   A        B        C        D        E       F      G
               +--------+--------+--------+--------+--------+-----+--------+
         Total | 107795 |  99643 |   8152 |  21967 |  39865 |  56 | 1924.9 |
       Dungeon |  30684 |  28516 |   2168 |   9076 |  12656 |  15 | 2045.6 |
          Lair |  13158 |  12246 |    912 |   2428 |   6031 |   6 | 2193.0 |
        Shoals |   6125 |   5916 |    209 |    444 |   2859 |   4 | 1531.2 |
     Snake Pit |   6616 |   6275 |    341 |    996 |   2838 |   4 | 1654.0 |
    Slime Pits |   4183 |   3936 |    247 |    682 |   1631 |   5 |  836.6 |
  Orcish Mines |   2713 |   2446 |    267 |    471 |    991 |   2 | 1356.5 |
   Elven Halls |   8388 |   8050 |    338 |   1987 |   2240 |   3 | 2796.0 |
        Vaults |  10768 |   9310 |   1458 |    718 |   3623 |   5 | 2153.6 |
         Crypt |     83 |     74 |      9 |      0 |      0 |   1 |   83.0 |
        Depths |  11701 |  10051 |   1650 |   2130 |   3248 |   4 | 2925.2 |
           Zot |  12054 |  11505 |    549 |   2591 |   3746 |   5 | 2410.8 |
       Volcano |    796 |    796 |      0 |    442 |      0 |   1 |  796.0 |
        Wizlab |    520 |    520 |      0 |      0 |      1 |   1 |  520.0 |
               +--------+--------+--------+--------+--------+-----+--------+

Top non-repeatable levels by time:
   Zot:1: 3967 daAuts
Depths:4: 3726 daAuts
    D:10: 3656 daAuts
  Lair:2: 3573 daAuts
Depths:2: 3285 daAuts
     D:7: 3143 daAuts
   Zot:2: 3120 daAuts
   Elf:1: 3017 daAuts
  Lair:1: 2995 daAuts
   Elf:3: 2743 daAuts
Depths:1: 2707 daAuts
   Elf:2: 2627 daAuts
Vaults:4: 2613 daAuts
   Zot:3: 2577 daAuts
     D:8: 2485 daAuts
